 Dungeon Crawl Stone Soup version 0.31-a0-981-geadf994542 (webtiles) character file.

Game seed: 2320524769642850847

856 Persephone the Changeling (level 8, 0/81 HPs)
             Began as an Octopode Shapeshifter on Nov 1, 2023.
             Was a Follower of Trog.
             Succumbed to an orc's poison
             ... on level 5 of the Dungeon.
             The game lasted 00:04:37 (3490 turns).

Persephone the Changeling (Octopode Shapeshifter)   Turns: 3490, Time: 00:04:38

Health: 0/81       AC: 24    Str: 21    XL:     8   Next: 2%
Magic:  8/8        EV:  2    Int: 13    God:    Trog [*.....]
Gold:   188        SH:  0    Dex: 11    Spells: 7/7 levels left

rFire   + .          .
                       - Unarmed
rCold   + . .        (no shield)
rNeg    . . .        (helmet currently unavailable)
rPois   +            (no amulet)
rElec   +            f - +6 ring of strength
rCorr   +            (no ring)
SInv    .            (no ring)
Will    .....        (no ring)
Stlth   +            (no ring)
HPRegen 0.33/turn    (no ring)
MPRegen 0.11/turn    (no ring)
                     (no ring)

%: no passive effects
@: lethally poisoned (0 -> -10), tree-form, resistant, invisible
A: stationary, stasis, torment immunity, boosted hp, almost no armour,
(amphibious), 8 rings, (camouflage 1), (gelatinous body 1), (nimble swimmer 1),
(tentacles)
a: Renounce Religion, Berserk


You were on level 5 of the Dungeon.
You worshipped Trog.
Trog was aware of your devotion.
You were a tree.
You visited 1 branch of the dungeon, and saw 5 of its levels.

You collected 188 gold pieces.

Inventory:

Missiles
 d - 2 throwing nets
 r - 4 boomerangs (quivered)
Jewellery
 f - a +6 ring of strength (left branch)
 k - a ring of magical power
Talismans
 b - a beast talisman
 c - a flux talisman
Wands
 h - a wand of flame (17)
Scrolls
 e - 3 scrolls of revelation
 g - a scroll of amnesia
 i - a scroll of enchant armour {unknown}
 j - 4 scrolls of identify
 s - 2 scrolls of immolation
 t - a scroll of enchant weapon {unknown}
 v - a scroll of fog {unknown}
Potions
 m - a potion of attraction {unknown}
 n - a potion of enlightenment
 o - a potion of heal wounds {unknown}
 p - a potion of resistance
 q - a potion of degeneration {unknown}
 u - a potion of brilliance {unknown}


   Skills:
 + Level 4.3 Fighting
 - Level 2.0 Dodging
 + Level 5.4 Unarmed Combat
 * Level 6.3 Shapeshifting


You had 7 spell levels left.
You didn't know any spells.
Your spell library contained the following spells:

 Spells                   Type           Power      Damage    Failure   Level
 Magic Dart               Conj           0%         1d3       30%         1
 Call Imp                 Summ           0%         N/A       43%         2
 Mephitic Cloud           Conj/Pois/Air  0%         N/A       67%         3


Dungeon Overview and Level Annotations

Branches:
Dungeon (5/15)             Temple (0/1) D:4

Altars:
Ashenzari
Makhleb
Trog
Vehumet
The Shining One

Shops:
D:1 =*


Innate Abilities, Weirdness & Mutations

You are a tree.
Your roots penetrate the ground, keeping you stationary.
You cannot be teleported.
You are immune to unholy pain and torment.
Your maximum health is greatly increased.
You cannot wear most types of armour.
((You are amphibious.))
You can wear up to eight rings at the same time.
((Your skin changes colour to match your surroundings (Stealth+).))
((Your rubbery body absorbs attacks. (AC +1, EV +1)))
((You are camouflaged when in or above water. (Stealth+)))
((You have tentacles for arms and can constrict up to eight enemies at once.))


Message History

You are more poisoned.
You bludgeon the orc wizard!
You kill the orc wizard!
Trog accepts your kill.
You can now go berserk at will.
Trog appreciates your killing of a magic user.
You feel very sick.
An orc comes into view. It is wielding a +4 mace.
The orc hits you with a +2 dagger of venom.
You are lethally poisoned!
You have reached level 8!
Okay, then.
Your transformation has ended.
You turn into a tree.
Your roots penetrate the ground.
* * * LOW HITPOINT WARNING * * *
You feel very sick. The orc hits you but does no damage.
You hit the orc.
The orc is moderately wounded.
You feel very sick. The orc hits you but does no damage.
You are lethally poisoned!
You hit the orc.
The orc is heavily wounded.
* * * LOW HITPOINT WARNING * * *
You feel very sick.
You hit the orc but do no damage. You punch the orc.
You kill the orc!
Trog accepts your kill.
* * * LOW HITPOINT WARNING * * *
You feel very sick.
It was a potion of enlightenment.
Your roots keep you in place.
* * * LOW HITPOINT WARNING * * *
You feel very sick.
It was a potion of resistance.
You feel protected.
* * * LOW HITPOINT WARNING * * *
You feel very sick.
It was a potion of invisibility.
You fade into invisibility!
Your enlightenment fades.
You die...

#.....o
#..o.. #..o.
#...
########..
.........#
#[....#
#....o#### #
####.)♣..#.#
##..###.#
#......#
##.#<..#
#.###.#
#.....#
#######


You could see an orc (unable to see you).

Vanquished Creatures
  Grinder (D:4)
  Duvessa (D:4)
  A scorpion (D:3)
  Dowan (D:4)
  2 orc priests (D:3)
  A jelly (D:4)
  3 hounds
  5 orc wizards
  3 gnolls (D:3)
  3 adders
  A worm (D:2)
  3 dart slugs
  7 orcs
  5 ball pythons
  5 bats
  7 endoplasms
  3 giant cockroaches
  4 goblins
  6 hobgoblins
  9 quokkas
  A frilled lizard (D:1)
  11 kobolds
  3 rats
86 creatures vanquished.

Notes
Turn   | Place    | Note
-------+----------+-------------------------------------------
     0 | D:1      | Persephone the Octopode Shapeshifter began the quest for
                  | the Orb.
     0 | D:1      | Reached XP level 1. HP: 13/13 MP: 1/1
   106 | D:1      | Reached XP level 2. HP: 18/18 MP: 2/2
   307 | D:1      | Found Isace's Jewellery Boutique.
   327 | D:1      | Reached XP level 3. HP: 18/23 MP: 3/3
   565 | D:1      | Found Ysebi's General Store.
   901 | D:2      | Reached XP level 4. HP: 24/29 MP: 4/4
  1819 | D:3      | Identified the "Kahihin"
  1822 | D:3      | Noticed a scorpion
  1833 | D:3      | Reached skill level 4 in Shapeshifting
  1836 | D:3      | Killed a scorpion
  1837 | D:3      | Reached XP level 5. HP: 32/35 MP: 5/5
  1850 | D:3      | Found a radiant altar of Vehumet.
  1851 | D:3      | Found a glowing golden altar of the Shining One.
  1861 | D:3      | Found a burning altar of Makhleb.
  1867 | D:3      | Found a broken altar of Ashenzari.
  2035 | D:3      | Reached XP level 6. HP: 41/41 MP: 6/6
  2688 | D:3      | Found a bloodstained altar of Trog.
  2748 | D:3      | Became a worshipper of Trog the Wrathful
  2783 | D:4      | Noticed Duvessa
  2783 | D:4      | Noticed Dowan
  2790 | D:4      | Killed Duvessa
  2791 | D:4      | Reached skill level 5 in Shapeshifting
  2792 | D:4      | Killed Dowan
  2793 | D:4      | Reached XP level 7. HP: 46/46 MP: 7/7
  3080 | D:4      | Found a staircase to the Ecumenical Temple.
  3083 | D:4      | Noticed Grinder
  3095 | D:4      | Killed Grinder
  3096 | D:4      | Reached skill level 5 in Unarmed Combat
  3096 | D:4      | Reached skill level 6 in Shapeshifting
  3431 | D:5      | Entered Level 5 of the Dungeon
  3483 | D:5      | Reached * piety under Trog
  3484 | D:5      | Reached XP level 8. HP: 19/54 MP: 8/8
  3489 | D:5      | HP: 2/81 [poisoned by an orc]
  3490 | D:5      | Succumbed to an orc's poison

Illustrated notes

Levels and vault maps discovered:
D:1:      nicolae_arrival_somewhat_less_tricky_arrival, layout_basic,
          serial_shops, nicolae_lakefront_shop, shop, minmay_pentomino_x2
D:2:      layout_basic, chequers_decorated_corner, minivault_25,
          minmay_curled_crystal
D:3:      layout_basic, nicolae_overflow_macrodata_refinement,
          mainiacjoe_overflow_24_doors, chequers_avenue
D:4:      layout_rooms, minmay_temple_entry_tees,
          amcnicky_mini_corridor_feature, uniq_grinder, uniq_duvessa
D:5:      minmay_spotlight, layout_basic, minmay_puff

Skill      XL: |  1  2  3  4  5  6  7 |
---------------+----------------------+-----
Fighting       | 2 3 4 |  4.3
Unarmed Combat | 4 5 |  5.4
Shapeshifting  | 4 5 6 |  6.3
Dodging        | |  2.0

Action                     |  1- 3 |  4- 6 |  7- 9 || total
---------------------------+-------+-------+-------++-------
  Melee: Unarmed           |    57 |    75 |    26 ||   158
         Constrict         |    15 |    27 |     5 ||    47
         Tentacles         |    10 |    22 |     6 ||    38
         Punch             |     3 |     5 |     3 ||    11
  Throw: Boomerang         |       |     5 |    16 ||    21
    Use: Scroll            |       |     7 |       ||     7
         Potion            |       |     1 |     4 ||     5
   Stab: Sleeping          |    11 |     4 |       ||    15
 Armour: Skin              |    17 |    36 |    15 ||    68
  Dodge: Dodged            |    25 |    54 |     9 ||    88

Table legend: (Time is in decaauts)
 A = Elapsed time spent in this place.
 B = Non-inter-level travel time spent in this place.
 C = Inter-level travel time spent in this place.
 D = Time resting spent in this place.
 E = Time spent auto-exploring this place.
 F = Levels seen in this place.
 G = Mean time per level.
                   A        B        C        D        E       F      G
               +--------+--------+--------+--------+--------+-----+--------+
         Total |   3491 |   3337 |    154 |      0 |   2844 |   5 |  698.2 |
       Dungeon |   3491 |   3337 |    154 |      0 |   2844 |   5 |  698.2 |
               +--------+--------+--------+--------+--------+-----+--------+

Top non-repeatable levels by time:
     D:2: 1168 daAuts
     D:3: 1063 daAuts
     D:1: 768 daAuts
     D:4: 433 daAuts
     D:5: 57 daAuts
